 Dungeon Crawl Stone Soup version 0.31.0-11-ge490571c62 (webtiles) character file.

Game seed: 5170322974473131221

1205 mopl the Sneak (level 8, 0/57 HPs)
             Began as a Red Draconian Enchanter on Feb 8, 2024.
             Splashed by a jelly's acid (8 damage)
             ... on level 5 of the Dungeon.
             The game lasted 00:06:23 (3745 turns).

mopl the Sneak (Red Draconian Enchanter)            Turns: 3745, Time: 00:06:23

Health: 0/57       AC:  6    Str: 12    XL:     8   Next: 21%
Magic:  13/15      EV: 12    Int: 17    God:
Gold:   198        SH:  0    Dex: 11    Spells: 6/17 levels left

rFire   + . .        a - +2 dagger (elec)
rCold   . . .        (no shield)
rNeg    . . .        (body armour unavailable)
rPois   +            (helmet restricted)
rElec   .            (no cloak)
rCorr   .            (no gloves)
SInv    +            (no boots)
Will    .....        l - amulet of magic regeneration
Stlth   +++          k - ring of see invisible
HPRegen 0.29/turn    n - ring of poison resistance
MPRegen 0.54/turn

%: no passive effects
@: invisible
A: breathe fire, AC +6, unfitting armour, fire resistance 1, cold-blooded
a: Breathe Fire


You were on level 5 of the Dungeon.
You visited 2 branches of the dungeon, and saw 6 of its levels.

You collected 198 gold pieces.

Inventory:

Hand Weapons
 a - a +2 dagger of electrocution (weapon)
Missiles
 o - a boomerang
 r - 5 poisoned darts
Jewellery
 k - a ring of see invisible (left hand)
 l - an amulet of magic regeneration (around neck)
 n - a ring of poison resistance (right hand)
Scrolls
 d - 7 scrolls of identify {unknown}
 f - a scroll of enchant armour {unknown}
 g - 2 scrolls of fear {unknown}
 h - a scroll of poison {unknown}
 p - a scroll of vulnerability {unknown}
 q - a scroll of noise {unknown}
Potions
 b - a potion of invisibility
 c - 2 potions of enlightenment {unknown}
 e - 2 potions of resistance {unknown}
 i - a potion of curing {unknown}
 j - a potion of magic {unknown}
 m - a potion of mutation {unknown}


   Skills:
 + Level 3.3 Short Blades
 - Level 1.7 Dodging
 * Level 6.0 Stealth
 * Level 5.1 Spellcasting
 * Level 5.6 Hexes


You had 6 spell levels left.
You knew the following spells:

 Your Spells              Type           Power      Damage    Failure   Level
a - Dazzling Flash        Conj/Hex       26%        N/A       13%         3
b - Ensorcelled Hibernat  Hex/Ice        26%        N/A       7%          2
c - Confusing Touch       Hex            23%        N/A       4%          3
d - Tukima's Dance        Hex            23%        N/A       4%          3

Your spell library contained the following spells:

 Spells                   Type           Power      Damage    Failure   Level


Dungeon Overview and Level Annotations

Branches:
Dungeon (5/15)             Temple (1/1) D:5

Altars:
Ashenzari
Cheibriados
Gozag
Hepliaklqana
Kikubaaqudgha
Nemelex Xobeh
Okawaru
Qazlal
Ru
Sif Muna
Trog
Uskayaw
Wu Jian
Xom
Yredelemnul
Zin
The Shining One

Shops:
D:3 [   D:4 :

Annotations:
D:3 1 runed translucent door, DevastatorOne's ghost, amateur DsFi


Innate Abilities, Weirdness & Mutations

You can breathe blasts of fire.
Your fiery red scales are hard. (AC +6)
You cannot fit into any form of body armour.
Your flesh is heat resistant. (rF+)
You are cold-blooded and may be slowed by cold attacks.


Message History

An ogre comes into view. It is wielding a +0 giant club.
The water moccasin attacks as it pursues you!
The water moccasin closely misses you. The jelly attacks as it pursues you!
The jelly barely misses you. The sleepcap attacks as it pursues you!
The sleepcap barely misses you. The jelly attacks as it pursues you!
The jelly hits you but does no damage.
The water moccasin bites you but does no damage.
The water moccasin attacks as it pursues you!
The water moccasin misses you. The jelly attacks as it pursues you!
The jelly hits you.
You are splashed with acid!
* * * LOW HITPOINT WARNING * * *
The water moccasin bites you.
* * * LOW HITPOINT WARNING * * *
The jelly attacks as it pursues you! The jelly completely misses you.
Unknown command.
You aren't carrying any items that you can evoke.
Unknown command.
Okay, then.
The water moccasin bites you.
* * * LOW HITPOINT WARNING * * *
You fade into invisibility!
The water moccasin bites you but does no damage. x2
You hit the water moccasin.
The water moccasin is almost dead.
The water moccasin bites you.
* * * LOW HITPOINT WARNING * * *
You hit the water moccasin but do no damage.
Lightning courses through the water moccasin!
You kill the water moccasin!
Your Stealth skill increases to level 6!
Casting: Ensorcelled Hibernation (safe; 7% risk of failure)
Confirm with . or Enter, or press ? or * to list all spells.
Aiming: Ensorcelled Hibernation (safe; 7% risk of failure)
Press: ? - help, Shift-Dir - straight line, f/p - jelly
Aim: a jelly (lightly wounded, chance to affect: 55%)
The jelly resists with significant effort.
The jelly hits you.
* * * LOW HITPOINT WARNING * * *
You are splashed with acid!
You die...

####......†.........#
..........#.........#
....................#
..........).........#
..........#.........#
..........#.....)...##
..........##...........
###..#..###.........##.
...#...@##.........#
......##J##.f.........
#.#### #............##.
.. #..............#
#.###.....P..♣.. ...
#.#..P~~O~~~ #...
#..#.~~~~~. ####
##.#.~~~≈≈ .#♣~P~~


You could see a jelly.

Vanquished Creatures
  Pikel (D:3)
  Menkaure (D:4)
  A water moccasin (D:5)
  An ogre (D:5)
  A lemure (D:3)
  A bombardier beetle (D:4)
  2 hounds (D:5)
  Jessica (D:3)
  3 orc wizards
  6 adders
  2 gnolls (D:4)
  A shadow imp (D:5)
  4 ufetubi (D:3)
  2 ribbon worms
  3 dart slugs (D:1)
  6 orcs
  6 ball pythons
  6 endoplasms
  A giant cockroach (D:4)
  4 goblins
  7 hobgoblins
  2 jackals
  8 kobolds
  6 quokkas
  3 bats
  5 frilled lizards
  4 rats
88 creatures vanquished.

Vanquished Creatures (collateral kills)
  2 gnolls (D:4)
2 creatures vanquished.

Vanquished Creatures (others)
  A dancing weapon (D:4)
1 creature vanquished.

Grand Total: 91 creatures vanquished

Notes
Turn   | Place    | Note
-------+----------+-------------------------------------------
     0 | D:1      | mopl the Draconian Enchanter began the quest for the Orb.
     0 | D:1      | Reached XP level 1. HP: 14/14 MP: 3/3
   189 | D:1      | Reached XP level 2. HP: 14/20 MP: 5/5
   229 | D:1      | Learned a level 2 spell: Ensorcelled Hibernation
   239 | D:1      | Reached skill level 3 in Stealth
   612 | D:2      | Reached XP level 3. HP: 17/26 MP: 6/6
   616 | D:2      | Learned a level 3 spell: Confusing Touch
   690 | D:2      | Found a hide-covered altar of Uskayaw.
  1461 | D:3      | Reached XP level 4. HP: 33/33 MP: 8/8
  1465 | D:3      | Learned a level 3 spell: Tukima's Dance
  1737 | D:3      | Found Qainweog's Antique Armour Emporium.
  1784 | D:3      | Found a runed translucent door.
  1784 | D:3      | Noticed DevastatorOne's ghost (amateur DsFi)
  2068 | D:3      | Found a basalt altar of Yredelemnul.
  2389 | D:3      | Noticed Jessica
  2414 | D:3      | Killed Jessica
  2415 | D:3      | Reached XP level 5. HP: 33/38 MP: 9/9
  2427 | D:3      | Found a shimmering blue altar of Sif Muna.
  2625 | D:4      | Noticed a lemure
  2626 | D:4      | Noticed a lemure
  2628 | D:4      | Noticed Pikel
  2720 | D:4      | Reached skill level 4 in Stealth
  2838 | D:4      | Noticed Menkaure
  2874 | D:4      | Killed Menkaure
  2875 | D:4      | Reached XP level 6. HP: 13/45 MP: 11/11
  3014 | D:4      | Noticed a walking crystal tome
  3015 | D:4      | Found Caru's Book Emporium.
  3017 | D:4      | Noticed a walking crystal tome
  3135 | D:3      | Killed Pikel
  3136 | D:3      | Reached skill level 5 in Stealth
  3136 | D:3      | Reached skill level 5 in Hexes
  3136 | D:3      | Your scales start taking on a fiery red colour.
  3136 | D:3      | Reached XP level 7. HP: 33/50 MP: 11/13
  3136 | D:3      | Gained mutation: Your flesh is heat resistant. (rF+) [Red
                  | Draconian growth]
  3607 | D:4      | Learned a level 3 spell: Dazzling Flash
  3621 | D:5      | Entered Level 5 of the Dungeon
  3648 | D:5      | Found a staircase to the Ecumenical Temple.
  3681 | Temple   | Entered the Ecumenical Temple
  3701 | D:5      | Reached XP level 8. HP: 48/57 MP: 9/15
  3711 | D:5      | Reached skill level 5 in Spellcasting
  3745 | D:5      | Reached skill level 6 in Stealth
  3745 | D:5      | Splashed by a jelly's acid

Illustrated notes

Levels and vault maps discovered:
D:1:      wander_arrival_peaceful_grave, layout_basic
D:2:      layout_basic, basic_altar
D:3:      layout_basic, tgw_sif, old_standard_altar,
          hellmonk_ghost_happy_afterlife, serial_shops, shop, minmay_hedge_maze,
          minmay_misc_feat_room
D:4:      layout_cave_pools, serial_shops, nicolae_shop_mannequins, uniq_pikel,
          uniq_menkaure
D:5:      minmay_evil_eye, layout_rooms, minmay_temple_entry_mist, serial_bayou,
          serial_bayou_pond_e, serial_bayou_lagoon_b, serial_bayou_pond_b,
          serial_bayou_ford_a, st_stairs_3
Temple:   regret_index_temple_generic_petals

Skill      XL: |  1  2  3  4  5  6  7  8 |
---------------+-------------------------+-----
Stealth        | 3 4 5 6 |  6.0
Hexes          | 3 4 5 |  5.6
Spellcasting   | 3 4 5 |  5.1
Short Blades   | 2 3 |  3.3
Dodging        | |  1.7

Action                     |  1- 3 |  4- 6 |  7- 9 || total
---------------------------+-------+-------+-------++-------
  Melee: Dagger            |   155 |   158 |    81 ||   394
         Tailslap          |    15 |    18 |     5 ||    38
         Punch             |     1 |     1 |     1 ||     3
   Cast: Ensorcelled Hiber |     1 |     1 |     7 ||     9
         Tukima's Dance    |       |     6 |     1 ||     7
         Confusing Touch   |       |     1 |       ||     1
Ability: Breathe Fire      |       |       |     2 ||     2
    Use: Potion            |       |       |     1 ||     1
   Stab: Sleeping          |     7 |     2 |     3 ||    12
         Confused          |       |     1 |       ||     1
 Armour: Skin              |    94 |   101 |    73 ||   268
  Dodge: Dodged            |   121 |   117 |    55 ||   293
